 Dungeon Crawl Stone Soup version 0.28-a0-1447-ga5a8893891 (webtiles) character file.

Game seed: 10006208347713321590

191 knot the Chopper (level 5, 48/61 HPs)
             Began as a Demonspawn Berserker on Jan 12, 2022.
             Was a Follower of Trog.
             Quit the game on level 2 of the Dungeon.
             The game lasted 00:02:00 (1534 turns).

knot the Chopper (Demonspawn Berserker)             Turns: 1534, Time: 00:02:01

Health: 48/61      AC:  4    Str: 18    XL:     5   Next: 41%
Magic:  5/5        EV: 12    Int: 10    God:    Trog [*.....]
Gold:   87         SH:  4    Dex: 12    Spells: 4/4 levels left

rFire   . . .      SeeInvis .   a - +0 hand axe
rCold   . . .      Faith    .   (no shield)
rNeg    . . .      Spirit   .   m - +1 robe {Will+}
rPois   .          Reflect  .   (no helmet)
rElec   .          Harm     .   h - +0 cloak
rCorr   .          Rampage  .   (no gloves)
Will    +....                   (no boots)
Stlth   ..........              j - amulet of regeneration
HPRegen 1.00/turn               (no ring)
MPRegen 0.09/turn               (no ring)

@: berserking, very quick
A: claws 1, powered by pain 1, condensation shield
a: Renounce Religion, Berserk


You were on level 2 of the Dungeon.
You worshipped Trog.
Trog was aware of your devotion.
You visited 1 branch of the dungeon, and saw 2 of its levels.

You collected 87 gold pieces.

Inventory:

Hand Weapons
 a - a +0 hand axe (weapon)
Missiles
 g - 3 stones
 k - an atropa-tipped dart (quivered)
Armour
 h - a +0 cloak (worn)
 m - a +1 robe of willpower (worn)
Jewellery
 e - an amulet of guardian spirit
 j - an amulet of regeneration (around neck)
Scrolls
 b - a scroll of amnesia {unknown}
 c - a scroll of silence {unknown}
 d - a scroll of fog {unknown}
 i - 2 scrolls of identify {unknown}
 l - a scroll of blinking {unknown}
Potions
 f - a potion of heal wounds {unknown}
 n - a potion of mutation {unknown}
 o - a potion of might {unknown}
 p - a potion of ambrosia {unknown}


   Skills:
 - Level 3.0 Fighting
 * Level 4.8 Axes
 * Level 2.6 Throwing
 - Level 1.7 Armour
 - Level 1.7 Dodging


You had 4 spell levels left.
You didn't know any spells.
Your spell library contained the following spells:

 Spells                   Type           Power      Damage    Failure   Level
 Tukima's Dance           Hex            0%         N/A       75%         3
 Anguish                  Hex/Necr       0%         N/A       98%         4
 Enfeeble                 Hex            0%         N/A       100%        7


Dungeon Overview and Level Annotations

Branches:
Dungeon (2/15)

Altars:
Cheibriados

Shops:
D:2 *


Innate Abilities, Weirdness & Mutations

You have sharp fingernails.
You sometimes gain a little power by taking damage.
A meltable shield of frost defends you. (SH +4)


Message History

Sigmund is heavily wounded.
Sigmund closely misses you.
You barely miss Sigmund.
Sigmund is heavily wounded.
Sigmund hits you with a +0 scythe!
You hit Sigmund but do no damage.
Sigmund is heavily wounded.
You barely miss Sigmund.
Sigmund is heavily wounded.
Sigmund misses you.
A red film seems to cover your vision as you go berserk!
You feel yourself moving faster!
You feel mighty! Sigmund misses you.
You barely miss Sigmund.
Sigmund is heavily wounded.
You closely miss Sigmund.
Sigmund is heavily wounded.
Sigmund hits you with a +0 scythe!
You barely miss Sigmund.
Sigmund is heavily wounded.
You closely miss Sigmund.
Sigmund is heavily wounded.
Sigmund misses you.
You barely miss Sigmund.
Sigmund is heavily wounded.
You slash Sigmund!
Sigmund is almost dead.
Sigmund completely misses you.
You slash Sigmund!
You kill Sigmund!
Trog accepts your kill.
Trog appreciates your killing of a magic user.
Your Axes skill increases to level 4!
Your Throwing skill gained 2 levels and is now at level 2!
You have reached level 4!
You feel stronger.
Your demonic ancestry asserts itself...
Frost condenses into a shield before you.
You have reached level 5!
Your demonic ancestry asserts itself...
You feel energised by your suffering.
Are you sure you want to abandon this character and quit the game? (Confirm with "yes".)

#.#......##.. ###....#.##.##
#....#...##...>.#......#††....
####.####.####.....#........#...#
#.......### #.....#...>........#
#....#### #.....#.........).#.
#.##.# #.....##......#.#...
..##.# #(.(..##......#.#...
...#.# #...).##......#.# .#
##.#.#########..@..##...<..#.# #
.#....#............##......#..
≈≈.#..#............##......###
≈≈≈...#.......#######......#
∩≈≈...........# #......#
≈≈≈##.#.......# #.......
≈≈#...#.####### #######.#
..#.###.# .. ..#.###.#


There were no monsters in sight!

Vanquished Creatures
  Sigmund (D:2)
  An adder (D:2)
  A worm (D:2)
  2 ball pythons
  2 endoplasms
  2 giant cockroaches
  3 goblins
  5 bats (D:1)
  3 kobolds (D:1)
  A rat (D:1)
21 creatures vanquished.

Vanquished Creatures (others)
  6 plants (D:1)
  10 withered plants (D:1)
16 creatures vanquished.

Grand Total: 37 creatures vanquished

Notes
Turn   | Place    | Note
-------+----------+-------------------------------------------
     0 | D:1      | knot the Demonspawn Berserker began the quest for the Orb.
     0 | D:1      | Reached XP level 1. HP: 18/18 MP: 1/1
    76 | D:1      | Reached skill level 3 in Axes
   408 | D:1      | Found a faded altar of an unknown god.
   499 | D:1      | Gained mutation: You have sharp fingernails. [demonic
                  | ancestry]
   499 | D:1      | Reached XP level 2. HP: 18/24 MP: 2/2
  1352 | D:2      | Reached XP level 3. HP: 29/29 MP: 3/3
  1462 | D:2      | Found Fyaklof's General Store.
  1478 | D:2      | Found a snail-covered altar of Cheibriados.
  1509 | D:2      | Noticed Sigmund
  1533 | D:2      | Killed Sigmund
  1534 | D:2      | Reached skill level 4 in Axes
  1534 | D:2      | Gained mutation: A meltable shield of frost defends you.
                  | (SH +4) [demonic ancestry]
  1534 | D:2      | Reached XP level 4. HP: 35/35 MP: 4/4
  1534 | D:2      | Gained mutation: You sometimes gain a little power by
                  | taking damage. [demonic ancestry]
  1534 | D:2      | Reached XP level 5. HP: 41/41 MP: 5/5
  1534 | D:2      | Quit the game

Illustrated notes

Levels and vault maps discovered:
D:1:      noname_arrival_rooms_in_the_neighbourhood, layout_basic,
          shapermc_ecumenical_altar_flowoftime, minmay_bisected
D:2:      layout_basic, serial_shops, nicolae_shop_waterfront, basic_altar,
          minmay_crystal_room, uniq_robin, uniq_sigmund

Skill      XL: |  1  2  3 |
---------------+----------+-----
Axes           | 3 4 |  4.8
Throwing       | 2 |  2.6
Fighting       | |  3.0
Armour         | |  1.7
Dodging        | |  1.7

Action                   |  1- 3 |  4- 6 || total
-------------------------+-------+-------++-------
Melee: Hand axe          |   107 |       ||   107
       Punch             |     2 |       ||     2
Throw: Dart              |     4 |       ||     4
Invok: Berserk           |     2 |       ||     2
 Stab: Invisible         |     1 |       ||     1
Armor: Animal skin       |     9 |       ||     9
       Robe              |     8 |       ||     8
Dodge: Dodged            |    46 |       ||    46

Table legend: (Time is in decaauts)
 A = Elapsed time spent in this place.
 B = Non-inter-level travel time spent in this place.
 C = Inter-level travel time spent in this place.
 D = Time resting spent in this place.
 E = Time spent auto-exploring this place.
 F = Levels seen in this place.
 G = Mean time per level.
                   A        B        C        D        E       F      G
               +--------+--------+--------+--------+--------+-----+--------+
         Total |   1557 |   1528 |     29 |    576 |    656 |   2 |  778.5 |
       Dungeon |   1557 |   1528 |     29 |    576 |    656 |   2 |  778.5 |
               +--------+--------+--------+--------+--------+-----+--------+

Top non-repeatable levels by time:
     D:1: 1142 daAuts
     D:2: 415 daAuts
